 Dungeon Crawl Stone Soup version 0.21.1-1-g345015f (webtiles) character file.

469 prawnwizard the Ruffian (level 7, -9/46 HPs)
             Began as an Octopode Fighter on July 4, 2018.
             Was an Initiate of Cheibriados.
             Mangled by a wight
             ... wielding a +0 hand axe
              (12 damage)
             ... on level 4 of the Dungeon.
             The game lasted 00:06:11 (3206 turns).

prawnwizard the Ruffian (Octopode Fighter)          Turns: 3206, Time: 00:06:12

Health: -9/46      AC:  1    Str: 19    XL:     7   Next: 9%
Magic:  7/7        EV: 15    Int: 11    God:    Cheibriados [......]
Gold:   186        SH:  0    Dex: 14    Spells: 6/6 levels left

rFire    . . .     SeeInvis .     - Unarmed
rCold    . . .     Gourm    .   (no shield)
rNeg     . . .     Faith    .   (helmet restricted)
rPois    .         Spirit   .   (no amulet)
rElec    .         Reflect  .   q - +2 ring of strength
rCorr    .         Harm     .   n - ring of stealth
MR       .....                  (no ring)
Stlth    +++.......             (no ring)
HPRegen  0.15/turn              (no ring)
MPRegen  0.10/turn              (no ring)
                                (no ring)
                                (no ring)

@: drained, very slow
A: almost no armour, stealthy swim, amphibious, 8 rings, constrict 8, camouflage
1, gelatinous body 1
a: Bend Time, Renounce Religion


You were on level 4 of the Dungeon.
You worshipped Cheibriados.
Cheibriados was noncommittal.
You were not hungry.

You visited 1 branch of the dungeon, and saw 4 of its levels.

You collected 186 gold pieces.

Inventory:

Jewellery
 n - a ring of stealth (right tentacle)
 q - a +2 ring of strength (left tentacle)
Scrolls
 a - a scroll of remove curse
 h - 2 scrolls of identify
 j - a scroll of enchant weapon
 r - a scroll of amnesia
Potions
 b - a potion of might
 d - a potion of ambrosia {unknown}
 e - a potion of curing {unknown}
 f - 3 potions of heal wounds
 o - a potion of flight {unknown}
 s - a potion of lignification {unknown}
 t - a potion of cancellation {unknown}
Comestibles
 c - 7 rations
 g - 2 chunks of flesh


   Skills:
 - Level 3.1(2.6) Fighting
 + Level 5.0(4.5) Dodging
   Level 3.2(2.7) Shields
 * Level 6.0(5.5) Unarmed Combat


You had 6 spell levels left.
You didn't know any spells.

Dungeon Overview and Level Annotations

Branches:
Dungeon (4/15)
 Temple: D:4-7

Altars:
Ashenzari
Cheibriados
Elyvilon
Sif Muna


Innate Abilities, Weirdness & Mutations

You cannot wear most types of armour.
You are very stealthy in the water. (Stealth+)
You are amphibious.
You can wear up to eight rings at the same time.
You can use your tentacles to constrict eight enemies at once.
Your skin changes colour to match your surroundings (Stealth+).
Your rubbery body absorbs attacks. (AC +1, EV +1)


Message History

You bludgeon the wight!
The wight is severely damaged.
You constrict the wight. The wight hits you with a flail.
* * * LOW HITPOINT WARNING * * *
You bludgeon the wight!
You destroy the wight!
Cheibriados appreciates the change of pace.
Your base Dodging skill increases to level 5!
Your base Unarmed Combat skill increases to level 6!
You have reached level 7!
You tentacle-slap the wight. You grab the wight.
You squeeze the wight, but do no damage.
The wight is moderately damaged.
You constrict the wight, but do no damage.
The wight closely misses you.
You tentacle-slap the wight but do no damage.
The wight is moderately damaged.
You constrict the wight, but do no damage.
The wight hits you with a hand axe!
You die...

####.####.......# #.#
#.......#.##.##.# #.#
#.##.#........(.# #.# #
#.#.......#..# #.#### #
#............######.....
#.####..................###
#........####...#######.###
.....(.#.#####.## #.#..
##...zz@....# ##.#.#
#.######.### #..... # #...#
###.#### #...# #...# #...#
#.#.# #...# #.#.## #...#
#..#.###
#####..(######)#.....
...............##.##.


You could see 2 wights.

Vanquished Creatures
  An ogre (D:4)
  A scorpion (D:4)
  3 wights (D:4)
  Jessica (D:3)
  A worker ant (D:4)
  6 adders
  An adder zombie (D:1)
  4 worms
  3 dart slugs
  8 leopard geckos
  A ball python (D:1)
  A bat zombie (D:1)
  5 giant cockroaches
  7 goblins
  7 hobgoblins
  2 jackals (D:1)
  2 quokkas (D:3)
  6 bats
  4 frilled lizards
  12 kobolds
  11 rats
87 creatures vanquished.

Vanquished Creatures (others)
  A kobold (D:3)
1 creature vanquished.

Grand Total: 88 creatures vanquished

Notes
Turn   | Place    | Note
-------+----------+-------------------------------------------
     0 | D:1      | prawnwizard the Octopode Fighter began the quest for the Orb.
     0 | D:1      | Reached XP level 1. HP: 16/16 MP: 1/1
    56 | D:1      | Reached XP level 2. HP: 10/21 MP: 2/2
   524 | D:1      | Reached XP level 3. HP: 13/26 MP: 3/3
   901 | D:2      | Reached skill level 3 in Unarmed Combat
  1106 | D:2      | Reached XP level 4. HP: 22/31 MP: 4/4
  1614 | D:2      | Found a shattered altar of Ashenzari.
  2060 | D:3      | Reached skill level 4 in Unarmed Combat
  2060 | D:3      | Reached XP level 5. HP: 30/36 MP: 5/5
  2253 | D:3      | Found a white marble altar of Elyvilon.
  2507 | D:3      | Noticed Jessica
  2514 | D:3      | Killed Jessica
  2664 | D:4      | Noticed an ogre
  2670 | D:4      | Killed an ogre
  2670 | D:4      | Reached skill level 5 in Unarmed Combat
  2670 | D:4      | Reached XP level 6. HP: 17/42 MP: 6/6
  3000 | D:4      | Found a deep blue altar of Sif Muna.
  3002 | D:4      | Found a snail-covered altar of Cheibriados.
  3060 | D:4      | Became a worshipper of Cheibriados the Contemplative
  3203 | D:4      | HP: 2/42 [wight/flail (4)]
  3204 | D:4      | Reached skill level 5 in Dodging
  3204 | D:4      | Reached skill level 6 in Unarmed Combat
  3204 | D:4      | Reached XP level 7. HP: 2/46 MP: 7/7
  3206 | D:4      | Mangled by a wight

Skill      XL: |  1  2  3  4  5  6 |
---------------+-------------------+-----
Unarmed Combat | 3 4 5 6 |  6.0
Dodging        | 4 5 |  5.0
Fighting       | |  3.1
Shields        | |  3.2

Action                   |  1- 3 |  4- 6 |  7- 9 || total
-------------------------+-------+-------+-------++-------
Melee: Unarmed           |   107 |    96 |     2 ||   205
       Constrict         |    30 |    28 |     1 ||    59
       Tentacles         |    11 |    24 |     1 ||    36
       Punch             |     3 |     2 |       ||     5
  Use: Scroll            |       |    10 |       ||    10
 Stab: Sleeping          |     3 |     9 |       ||    12
  Eat: Chunk             |     1 |     6 |       ||     7
Armor: Skin              |    14 |     4 |       ||    18
Dodge: Dodged            |    77 |    51 |     1 ||   129
Block: Shield            |    11 |       |       ||    11
